 Dungeon Crawl Stone Soup version 0.29-a0-284-gf9362112df (webtiles) character file.

Game seed: 13732098127488157483

2743 siradein the Reanimator (level 9, -8/75 (78) HPs)
             Began as a Deep Dwarf Necromancer on Mar 24, 2022.
             Was an Initiate of Makhleb.
             Mangled by a shadow (24 damage)
             ... on level 6 of the Dungeon.
             The game lasted 00:20:56 (7924 turns).

siradein the Reanimator (Deep Dwarf Necromancer)    Turns: 7924, Time: 00:20:57

HP:   -8/75 (78)    AC:  8    Str: 16    XL:     9   Next: 41%
MP:   24/24 (15)    EV: 15    Int: 21    God:    Makhleb [......]
Gold: 60            SH:  0    Dex: 20    Spells: 8/16 levels left

rFire   + . .      SeeInvis .   n - +3 whip of Qiabowk {vorpal, Contam rCorr Dex+7}
rCold   . . .      Faith    .   (no shield)
rNeg    . . .      Spirit   .   z - +1 leather armour of the Land of Plenty {Fly Regen+}
rPois   .          Reflect  .   l - +0 helmet
rElec   .          Harm     .   x - +0 cloak "Fompaomp" {Rampage Str+5}
rCorr   +          Rampage  +   c - +0 pair of gloves {Stlth+}
Will    +....                   (no boots)
Stlth   +++.......              (no amulet)
HPRegen 0.00/turn               h - ring of protection from fire
MPRegen 0.19/turn               r - ring of magical power

@: flying, lightly drained
A: damage resistance, heal wounds, sense surroundings 2, no regeneration
a: Heal Wounds, Renounce Religion


You were on level 6 of the Dungeon.
You worshipped Makhleb.
Makhleb was noncommittal.
You visited 2 branches of the dungeon, and saw 7 of its levels.

You collected 285 gold pieces.
You spent 225 gold pieces at shops.

Inventory:

Hand Weapons
 n - the +3 whip of Qiabowk (weapon) {vorpal, Contam rCorr Dex+7}
   (You found it on level 2 of the Dungeon)

   It inflicts extra damage upon your enemies.
   Dex:       It affects your dexterity (+7).
   Contam:    It causes magical contamination when unequipped.
   rCorr:     It protects you from acid and corrosion.
 y - the +3 trident "Otsouq" {drain, Will+}
   (You found it on level 6 of the Dungeon)

   A truly terrible weapon, it drains the life of any living foe it strikes.
   Will:      It increases your willpower.
Missiles
 p - 9 poisoned darts
Armour
 c - a +0 pair of gloves of stealth (worn)
 l - a +0 helmet (worn)
 x - the +0 cloak "Fompaomp" (worn) {Rampage Str+5}
   (You found it on level 5 of the Dungeon)

   Str:       It affects your strength (+5).
   Rampage:   It bestows one free step when moving towards enemies.
 z - the +1 leather armour of the Land of Plenty (worn) {Fly Regen+}
   (You bought it in a shop on level 5 of the Dungeon)

   Fly:       It grants you flight.
   Regen:     It increases your rate of health regeneration.
Magical Staves
 u - a staff of air
Jewellery
 h - a ring of protection from fire (left hand)
 r - a ring of magical power (right hand)
Wands
 t - a wand of flame (13)
 v - a wand of iceblast (9)
Scrolls
 d - 4 scrolls of fog
 g - 4 scrolls of teleportation
 k - a scroll of amnesia {unknown}
 m - 2 scrolls of noise {unknown}
 o - a scroll of enchant weapon
 s - a scroll of enchant armour
 w - 2 scrolls of acquirement {unknown}
Potions
 a - 3 potions of heal wounds {unknown}
 b - a potion of magic
 e - 3 potions of flight
 f - 2 potions of degeneration {unknown}
 i - 4 potions of curing
 j - a potion of mutation {unknown}
 q - 2 potions of lignification {unknown}


   Skills:
 + Level 4.1 Fighting
 + Level 4.0 Maces & Flails
 + Level 4.7 Armour
 + Level 5.5 Dodging
 - Level 2.4 Stealth
 + Level 4.2 Spellcasting
 * Level 8.5 Necromancy
 + Level 5.2 Invocations


You had 8 spell levels left.
You knew the following spells:

 Your Spells              Type           Power      Damage    Failure   Level
a - Vampiric Draining     Necr           40%        2d8       1%          3
b - Pain                  Necr           100%       1d9       1%          1
c - Animate Dead          Necr           20%        N/A       4%          4

Your spell library contained the following spells:

 Spells                   Type           Power      Damage    Failure   Level
 Animate Skeleton         Necr           80%        N/A       1%          1
 Agony                    Necr           40%        N/A       12%         5
 Apportation              Tloc           8%         N/A       14%         1
 Summon Small Mammal      Summ           16%        N/A       14%         1
 Alistair's Intoxication  Tmut/Pois      2%         N/A       98%         5


Dungeon Overview and Level Annotations

Branches:
Dungeon (6/15)             Temple (1/1) D:4

Altars:
Ashenzari
Dithmenos
Gozag
Hepliaklqana
Makhleb
Qazlal
Ru
Vehumet
The Shining One

Shops:
D:5 [


Innate Abilities, Weirdness & Mutations

You are resistant to damage.
You can heal yourself by infusing magical energy.
You passively map the area around you.
You do not regenerate.


Message History

The shadow closely misses you.
You hit the shadow but do no damage.
The shadow slips into darkness.
The shadow flickers and vanishes!
Deactivating autopickup; reactivate with Ctrl-A.
You barely miss something.
The shadow strikes at you from the darkness!
* * * LOW HITPOINT WARNING * * *
Reactivating autopickup.
Okay, then.
You whack the shadow!
The shadow is moderately damaged.
The shadow hits you.
You hit the shadow but do no damage.
The shadow is moderately damaged.
The shadow closely misses you.
You hit the shadow but do no damage.
The shadow is moderately damaged.
The shadow hits you.
You hit the shadow but do no damage.
The shadow is moderately damaged.
You hit the shadow.
The shadow is heavily damaged.
The shadow hits you.
* * * LOW HITPOINT WARNING * * *
You hit the shadow.
The shadow is heavily damaged.
The shadow hits you.
* * * LOW HITPOINT WARNING * * *
You hit the shadow.
The shadow is severely damaged.
The shadow hits you.
You hit the shadow.
The shadow is almost destroyed.
The shadow slips into darkness.
The shadow flickers and vanishes!
Deactivating autopickup; reactivate with Ctrl-A.
You hit something but do no damage.
The shadow strikes at you from the darkness!
You die...

* #........# #)##.....# , , *
#........# #.##.....# *
#######.## #.######## # * #.#
#.)))..# *,** #. ###*#.#
######.# ,## +..+..##.#
##.### ,#.. #8..#.# #..>.. *
.###+####{#.# #.#### , ,
'#![?$( #@#.# ######+#### ,,
#######.#.# #.+.......' * ,
#..#8..#.# #.#.#...#.# *, ,,.
+..)..##.####.#.#)_.#.# *
..####8)####.......#.#...#.#
,
.....##'#....#####.'.......+
*
*####......#........####'####
........###........# #..###.
#........# #......).# #......


There were no monsters in sight!

Vanquished Creatures
  Pikel (D:5)
  Sigmund (D:6)
  4 yaks (D:6)
  A water moccasin (D:5)
  A sky beast (D:5)
  2 black bears
  2 ogres (D:5)
  A phantom (D:5)
  A lemure (D:5)
  A necrophage (D:5)
  3 scorpions (D:5)
  A wight (D:6)
  3 orc priests
  2 hounds (D:4)
  3 jellies
  2 iguanas (D:5)
  4 orc wizards
  Robin (D:2)
  4 gnolls (D:6)
  7 adders
  A shadow imp (D:5)
  2 worms
  4 dart slugs
  15 orcs
  8 endoplasms
  3 giant cockroaches
  15 goblins
  5 hobgoblins
  14 jackals
  4 quokkas
  3 ball pythons
  7 bats
  6 frilled lizards
  11 kobolds
  3 rats
146 creatures vanquished.

Notes
Turn   | Place    | Note
-------+----------+-------------------------------------------
     0 | D:1      | siradein the Deep Dwarf Necromancer began the quest for the
                  | Orb.
     0 | D:1      | Reached XP level 1. HP: 15/15 MP: 3/3
   247 | D:1      | Found a faded altar of an unknown god.
   261 | D:1      | Reached XP level 2. HP: 24/24 MP: 0/4
   966 | D:1      | Reached skill level 1 in Armour
  1230 | D:1      | Reached XP level 3. HP: 27/30 MP: 4/6
  1234 | D:1      | Learned a level 3 spell: Vampiric Draining
  1549 | D:2      | Noticed Robin
  1583 | D:2      | Killed Robin
  1687 | D:2      | Reached skill level 1 in Fighting
  1689 | D:2      | Reached skill level 5 in Necromancy
  2021 | D:2      | Identified the +3 whip of Qiabowk {vorpal, Contam rCorr
                  | Dex+7}
  2302 | D:2      | Reached XP level 4. HP: 29/38 MP: 3/7
  2568 | D:3      | Found a sacrificial altar of Ru.
  2925 | D:3      | Reached XP level 5. HP: 32/44 MP: 1/8
  3216 | D:3      | Reached skill level 1 in Maces & Flails
  3850 | D:4      | Found a staircase to the Ecumenical Temple.
  3856 | Temple   | Entered the Ecumenical Temple
  3863 | Temple   | Became a worshipper of Makhleb the Destroyer
  3937 | D:4      | Noticed a black bear
  3950 | D:4      | Killed a black bear
  3951 | D:4      | Reached skill level 1 in Invocations
  4040 | D:4      | Reached XP level 6. HP: 52/52 MP: 5/9
  4557 | D:4      | Learned a level 4 spell: Animate Dead
  4768 | D:5      | Entered Level 5 of the Dungeon
  4994 | D:5      | Reached skill level 6 in Necromancy
  5220 | D:5      | Reached XP level 7. HP: 48/60 MP: 11/11
  5683 | D:5      | Identified the +0 cloak "Fompaomp" {Rampage Str+5}
  5760 | D:5      | Found Cuno's Armour Boutique.
  5874 | D:5      | Noticed Pikel
  5907 | D:5      | Killed Pikel
  5908 | D:5      | Reached skill level 7 in Necromancy
  5908 | D:5      | Reached XP level 8. HP: 51/68 MP: 12/12
  6661 | D:5      | Reached skill level 5 in Dodging
  6896 | D:5      | Bought the +1 leather armour of the Land of Plenty {Fly
                  | Regen+} for 225 gold pieces
  6982 | D:6      | Found a radiant altar of Vehumet.
  7170 | D:6      | Noticed Sigmund
  7180 | D:6      | Reached skill level 8 in Necromancy
  7180 | D:6      | Gained mutation: You passively map the area around you.
                  | [Deep Dwarf growth]
  7180 | D:6      | Reached XP level 9. HP: 55/78 MP: 11/14
  7184 | D:6      | Killed Sigmund
  7466 | D:6      | Reached skill level 5 in Invocations
  7715 | D:6      | Identified the +3 trident "Otsouq" {drain, Will+}
  7924 | D:6      | Mangled by a shadow

Illustrated notes

Levels and vault maps discovered:
D:1:      dpeg_arrival_tiny_i, layout_loops_corners,
          hellmonk_ecumenical_altar_dog_temple, st_stairs_13
D:2:      layout_loops_ring, uniq_robin
D:3:      layout_loops_ring, nicolae_ru_awakened_eye, minivault_26,
          minmay_surrounded
D:4:      layout_basic, minmay_temple_entry_arrows, minmay_misc_feat_plants,
          chequers_serial_rivers_micro_a
D:5:      minmay_chambers_of_threes, layout_layer_cave, serial_shops,
          nicolae_shop_trees, uniq_pikel
D:6:      minmay_chambers_of_sixes, layout_basic,
          mainiacjoe_overflow_six_doors_small, uniq_sigmund
Temple:   cyrus_circular_temple

Skill      XL: |  1  2  3  4  5  6  7  8  9 |
---------------+----------------------------+-----
Armour         | 1 2 3 4 |  4.7
Spellcasting   | 2 3 4 |  4.2
Fighting       | 1 2 3 4 |  4.1
Necromancy     | 5 6 7 8 |  8.5
Dodging        | 3 4 5 |  5.5
Maces & Flails | 1 2 3 4 |  4.0
Invocations    | 1 2 3 4 5 |  5.2
Stealth        | |  2.4

Action                   |  1- 3 |  4- 6 |  7- 9 || total
-------------------------+-------+-------+-------++-------
Melee: Unarmed           |    23 |       |       ||    23
       Trident           |     3 |       |       ||     3
       Whip              |       |    86 |   155 ||   241
       Punch             |       |     2 |     6 ||     8
 Cast: Pain              |    85 |    17 |       ||   102
       Vampiric Draining |       |    36 |    67 ||   103
  Use: Scroll            |       |     4 |     2 ||     6
 Stab: Sleeping          |       |     2 |     1 ||     3
Armor: Robe              |     7 |       |       ||     7
       Ring mail         |     7 |    34 |    29 ||    70
       Leather armour    |       |       |    16 ||    16
Dodge: Dodged            |    31 |    72 |    97 ||   200

Table legend: (Time is in decaauts)
 A = Elapsed time spent in this place.
 B = Non-inter-level travel time spent in this place.
 C = Inter-level travel time spent in this place.
 D = Time resting spent in this place.
 E = Time spent auto-exploring this place.
 F = Levels seen in this place.
 G = Mean time per level.
                   A        B        C        D        E       F      G
               +--------+--------+--------+--------+--------+-----+--------+
         Total |   7920 |   7759 |    161 |    305 |   6088 |   7 | 1131.4 |
       Dungeon |   7905 |   7744 |    161 |    305 |   6088 |   6 | 1317.5 |
        Temple |     14 |     14 |      0 |      0 |      0 |   1 |   14.0 |
               +--------+--------+--------+--------+--------+-----+--------+

Top non-repeatable levels by time:
     D:5: 2001 daAuts
     D:1: 1531 daAuts
     D:3: 1287 daAuts
     D:4: 1111 daAuts
     D:2: 1014 daAuts
     D:6: 959 daAuts
  Temple: 14 daAuts
